[Event "*** Titled Tuesday Blitz"]
[Site "Chess.com"]
[Date "2020.03.03"]
[Round "5"]
[White "champ2005"]
[Black "RoelandPruijssers"]
[Result "1-0"]
[WhiteElo "2971"]
[BlackElo "2678"]
[TimeControl "180+1"]
[EndTime "13:51:04 PST"]
[Termination "champ2005 won by checkmate"]

1. f4 h6 2. Nf3 g5 3. fxg5 hxg5 4. Nxg5 e5 5. d3 Be7 6. Nf3 Nc6 7. e4 d5 8. exd5 Qxd5 9. Nc3 Qd6 10. Be3 Bg4 11. Be2 O-O-O 12. Qd2 Qg6 13. O-O-O Nd4 14.
Nxe5 Nxe2+ 15. Nxe2 Qe6 16. Nxg4 Qxa2 17. Qc3 Rh4 18. h3 f5 19. g3 Rh5 20. Bf4 c6 21.
Ne3 Nf6 22. Qe5 Qa1+ 23. Kd2 Ne4+ 24. Ke1 Bb4+ 25. c3 Qxd1+ 26. Nxd1 Nf2 27. Qc7# 1-0

[Event "*** Titled Tuesday Blitz"]
[Site "Chess.com"]
[Date "2020.03.03"]
[Round "5"]
[White "Maikrosoft63"]
[Black "DonPreuss"]
[Result "1-0"]
[WhiteElo "2579"]
[BlackElo "2204"]
[TimeControl "180+1"]
[EndTime "13:51:04 PST"]
[Termination "Maikrosoft63 won by resignation"]

1. e4 Nc6 2. Nf3 d6 3. d4 g6 4.
Nc3 Bg7 5. h3 e5 6. Be3 exd4 7.
Nxd4 Nge7 8. Bc4 O-O 9. Qd2 Ne5 10. Bb3 c5 11. Nf3 Nxf3+ 12. gxf3 Be6 13. Bxe6 fxe6 14. O-O-O d5 15. Bxc5 Qc7 16. Bxe7 Qxe7 17. exd5 Rac8 18. Ne4 Rfd8 19. d6 Qh4 20. Qd3 Qf4+ 21.
Kb1 Rc6 22. Qb3 Rb6 23. Qxe6+ Kh8 24. c3 Qxf3 25. Qe7 Qf8 26. Ng5 Rbxd6 27. Nf7+ Qxf7 28. Qxf7 Rxd1+ 29. Rxd1 Rxd1+ 30. Kc2 Rd8 31. Qxb7 1-0

[Event "*** Titled Tuesday Blitz"]
[Site "Chess.com"]
[Date "2020.03.03"]
[Round "5"]
[White "hansen"]
[Black "IMTominho"]
[Result "0-1"]
[WhiteElo "2916"]
[BlackElo "2842"]
[TimeControl "180+1"]
[EndTime "13:51:07 PST"]
[Termination "IMTominho won by resignation"]

1. e4 c5 2. Nf3 e6 3. g3 a6 4. Bg2 b5 5. O-O Bb7 6. d3 d6 7. a4 Nd7 8. Ng5 Be7 9. f4 h6 10. Nh3 Ngf6 11. Nc3 Bc6 12. f5 exf5 13. Rxf5 Ne5 14.
Rf1 O-O 15. Nf4 b4 16. Ncd5 Nxd5 17. exd5 Bd7 18. c3 Rb8 19. d4 bxc3 20. dxe5 cxb2 21. Bxb2 Rxb2 22. e6 Be8 23. Qd3 a5 24. exf7+ Rxf7 25. Be4 Bg5 26. Ne6 Qe7 27. Bh7+ Kh8 28. Bg6 c4 29.
Qe4 Qa7+ 30. Kh1 Rff2 31. Qg2 0-1

[Event "*** Titled Tuesday Blitz"]
[Site "Chess.com"]
[Date "2020.03.03"]
[Round "5"]
[White "PowerThinking2650"]
[Black "kayrakamer"]
[Result "0-1"]
[WhiteElo "2393"]
[BlackElo "2604"]
[TimeControl "180+1"]
[EndTime "13:51:09 PST"]
[Termination "kayrakamer won by resignation"]

1. e4 c5 2. Nf3 d6 3. d4 cxd4 4.
Nxd4 Nf6 5. Nc3 g6 6. Be3 Bg7 7. f3 a6 8. Qd2 h5 9. O-O-O b5 10. Bg5 Bb7 11. Bd3 Nbd7 12. Rhe1 Rc8 13. f4 b4 14. Na4 Qa5 15. b3 O-O 16. f5 Nc5 17. fxg6 Nfxe4 18. Bxe4 Nxe4 19. gxf7+ Rxf7 20. Rxe4 Bxe4 21. Ne6 Rxc2+ 22. Qxc2 Bxc2 0-1

[Event "*** Titled Tuesday Blitz"]
[Site "Chess.com"]
[Date "2020.03.03"]
[Round "5"]
[White "Mikhail_Golubev"]
[Black "Rubinstein_Akiba"]
[Result "1-0"]
[WhiteElo "2506"]
[BlackElo "2332"]
[TimeControl "180+1"]
[EndTime "13:51:11 PST"]
[Termination "Mikhail_Golubev won by checkmate"]

1. e4 c5 2. Nf3 d6 3. d4 cxd4 4.
Nxd4 Nf6 5. Nc3 a6 6. Bc4 e6 7. Bb3 b5 8. O-O Nbd7 9. Re1 Nc5 10. Bd5 Bb7 11. b4 exd5 12. exd5+ Kd7 13. bxc5 dxc5 14. Nc6 Bxc6 15. dxc6+ Kxc6 16. Qf3+ Kb6 17. Bg5 Ka7 18.
a4 b4 19. Rad1 Qc7 20. Nd5 Nxd5 21. Rxd5 f6 22. Bf4 Qb7 23. Qd3 Kb6 24. Re6+ Ka5 25. Rd7 Qc8 26. Bc7+ Kxa4 27. Qb3+ Kb5 28. c4# 1-0

[Event "*** Titled Tuesday Blitz"]
[Site "Chess.com"]
[Date "2020.03.03"]
[Round "5"]
[White "floplover"]
[Black "secretsuperstar7"]
[Result "0-1"]
[WhiteElo "2340"]
[BlackElo "2207"]
[TimeControl "180+1"]
[EndTime "13:51:11 PST"]
[Termination "secretsuperstar7 won on time"]

1. d4 Nf6 2. c4 e6 3. Nc3 Bb4 4. Qc2 d5 5. cxd5 exd5 6. Bg5 O-O 7. Nf3 Be6 8. e3 Nbd7 9. Bd3 h6 10. Bh4 Rc8 11. Qa4 c5 12. O-O a6 13. a3 cxd4 14. Qxb4 dxc3 15. bxc3 Qc7 16. Rac1 b5 17. Nd4 Qc5 18. Qb2 Ne5 19. Be2 Ne4 20. f4 Nc4 21. Bxc4 Qxc4 22. f5 Bd7 23. f6 g6 24. Qc2 Qxc3 25.
Qd1 Qxe3+ 26. Kh1 Rxc1 27. Qxc1 Qxd4 28. Qxh6 Nf2+ 29. Kg1 Ng4+ 30. Bf2 Nxh6 31. Bxd4 Nf5 0-1

[Event "*** Titled Tuesday Blitz"]
[Site "Chess.com"]
[Date "2020.03.03"]
[Round "5"]
[White "Zq1"]
[Black "ajian"]
[Result "1-0"]
[WhiteElo "2573"]
[BlackElo "2317"]
[TimeControl "180+1"]
[EndTime "13:51:13 PST"]
[Termination "Zq1 won by resignation"]

1. d4 Nf6 2. c4 e6 3. Nc3 d5 4.
Nf3 Nbd7 5. cxd5 exd5 6. Bf4 c6 7. h3 Be7 8. e3 O-O 9. Bd3 Re8 10. O-O Nf8 11.
Rb1 a5 12. a3 g6 13. Ne5 Ne6 14. Bh2 Ng7 15. b4 axb4 16. axb4 Bf5 17. b5 c5 18. b6 Bxd3 19. Qxd3 Ne6 20. Rfd1 Bd6 21. Nb5 c4 22. Qc2 Ne4 23. f3 Bxe5 24. Bxe5 Nf6 25. Nc7 Nd7 26. Nxe8 Nxe5 27. dxe5 Qxe8 28. Rxd5 Qc6 29. e4 Nc5 30. Qxc4 1-0

[Event "*** Titled Tuesday Blitz"]
[Site "Chess.com"]
[Date "2020.03.03"]
[Round "5"]
[White "kinga2008"]
[Black "pedroholly22"]
[Result "0-1"]
[WhiteElo "1948"]
[BlackElo "2324"]
[TimeControl "180+1"]
[EndTime "13:51:13 PST"]
[Termination "pedroholly22 won by checkmate"]

1. e4 d5 2. exd5 Qxd5 3. Nc3 Qd6 4. g3 Nf6 5. Bg2 g6 6. d4 Bg7 7. Nge2 O-O 8. O-O a5 9. Bf4 Qd8 10. Ne4 c6 11. Nxf6+ Bxf6 12. c3 Na6 13. h4 Bf5 14.
Qd2 h5 15. Bg5 Bg7 16. Bh6 Nc7 17. Bxg7 Kxg7 18. Nf4 e5 19. Ne2 Ne6 20. Rad1 exd4 21. Nxd4 Nxd4 22. Qxd4+ Qxd4 23. Rxd4 Be6 24. a3 a4 25. Rfd1 Ra5 26. R1d2 Bf5 27. Be4 Be6 28. Bd3 Rfa8 29. Bc4 Re5 30. Bxe6 Rxe6 31. Kf1 b5 32.
Re2 Rae8 33. Rxe6 Rxe6 34. Rd2 Kf6 35. Re2 Rxe2 36. Kxe2 Ke5 37. Ke3 f6 38. f3 g5 39.
f4+ gxf4+ 40. gxf4+ Kf5 41. Kf3 c5 42. Ke3 Kg4 43.
Ke4 Kxh4 44. Kd5 Kg3 45. Kxc5 h4 46. Kxb5 h3 47. Kxa4 h2 48. b4 h1=Q 49. b5 Kxf4 50. b6 Ke5 51. Ka5 Kd6 52. b7 Qxb7 53. c4 Kc5 54. Ka4 Qa6+ 55. Kb3 Qxc4+ 56. Kb2 Qd3 57. Ka2 Qc2+ 58. Ka1 Kc4 59. a4 Kb3 60. a5 Qc1# 0-1

[Event "*** Titled Tuesday Blitz"]
[Site "Chess.com"]
[Date "2020.03.03"]
[Round "5"]
[White "saikrishnaReturns"]
[Black "Alexander_Moskalenko"]
[Result "0-1"]
[WhiteElo "2643"]
[BlackElo "2844"]
[TimeControl "180+1"]
[EndTime "13:51:14 PST"]
[Termination "Alexander_Moskalenko won by checkmate"]

1. e4 c5 2. Nf3 d6 3. d4 cxd4 4. Nxd4 Nf6 5. Nc3 Nc6 6. Bg5 e6 7. Qd2 Be7 8. O-O-O O-O 9. f3 Nxd4 10. Qxd4 a6 11.
Bc4 b5 12. Bb3 Rb8 13. Bxf6 gxf6 14. f4 a5 15. e5 fxe5 16. fxe5 a4 17. Bd5 dxe5 18.
Qxe5 Bd6 19. Qh5 exd5 20. Rxd5 Be6 21. Rg5+ Kh8 22. Kb1 Bf4 23. Rxb5 Rxb5 24. Nxb5 Qd5 25. Qxd5 Bxd5 26. Nc3 Bxg2 27. Rg1 Bc6 28. h4 Rg8 29. Rf1 Be5 30. h5 f6 31. Kc1 a3 32. Nd1 axb2+ 33. Nxb2 Rg5 34. Nd3 Rxh5 35. Nxe5 fxe5 36. Rf7 Be4 37. a4 Rh2 38. Rc7 h5 39. a5 h4 40. a6 h3 41. a7 Rf2 42. Rc4 h2 43.
Rxe4 h1=Q+ 44. Kb2 Qxe4 45. Ka1 Qa8 46. Kb2 Qxa7 47.
Kc3 Rxc2+ 48. Kd3 Qd4+ 49. Kxc2 e4 50. Kb1 Qd3+ 51. Ka2 Qc3 52. Kb1 Qd2 53. Ka1 e3 54.
Kb1 e2 55. Ka1 e1=Q# 0-1

[Event "*** Titled Tuesday Blitz"]
[Site "Chess.com"]
[Date "2020.03.03"]
[Round "5"]
[White "rubhani"]
[Black "mbojan"]
[Result "0-1"]
[WhiteElo "2443"]
[BlackElo "2672"]
[TimeControl "180+1"]
[EndTime "13:51:18 PST"]
[Termination "mbojan won on time"]

1. Na3 Nf6 2. c4 g6 3. b3 Bg7 4.
Bb2 O-O 5. Nf3 c6 6. e3 d5 7. Be2 Bf5 8. O-O Nbd7 9. Nc2 Ne4 10. Bxg7 Kxg7 11. Nfd4 Nd6 12. Nxf5+ Nxf5 13. d4 Nd6 14.
cxd5 cxd5 15. Bd3 e6 16. Qd2 Qe7 17. Rfc1 Rfc8 18. g3 Nf6 19. Qb4 a5 20. Qa3 b5 21.
Ne1 b4 22. Qb2 Nfe4 23. Bxe4 Nxe4 24. Rxc8 Rxc8 25. Nd3 Rc3 26. Qe2 Qf6 27. f3 Ng5 28. Rf1 h5 29. h4 Nh7 30. Rc1 Rxc1+ 31. Nxc1 Nf8 32. Nd3 Nd7 33. Kg2 e5 34. dxe5 Nxe5 35. Nf4 Qc6 36. Qd2 d4 37. e4 Qc3 38. Qf2 d3 39.
Qa7 Qb2+ 40. Qf2 d2 41. Nd5 d1=N 0-1

[Event "*** Titled Tuesday Blitz"]
[Site "Chess.com"]
[Date "2020.03.03"]
[Round "5"]
[White "JonahWillow"]
[Black "Alopekos"]
[Result "1-0"]
[WhiteElo "2633"]
[BlackElo "2425"]
[TimeControl "180+1"]
[EndTime "13:51:19 PST"]
[Termination "JonahWillow won on time"]

1. e4 e5 2. Nf3 Nc6 3. Nc3 Nf6 4. Bb5 Nd4 5. Bc4 Bc5 6. Nxe5 O-O 7. d3 d6 8. Nxf7 Rxf7 9. Bxf7+ Kxf7 10. h3 Qe8 11.
Be3 Kg8 12. Ne2 Nxe2 13. Qxe2 Bxe3 14. Qxe3 Qe5 15. c3 d5 16. f4 Qe7 17. e5 Nh5 18. O-O g6 19. g4 Ng7 20. Rae1 Be6 21. Kh2 Rf8 22. Qxa7 Bxg4 23. Qxb7 Qh4 24. Qxd5+ Be6 25. Qf3 Nh5 26. Re4 Bd5 27. f5 Bxe4 28. dxe4 Qe7 29. e6 Qd6+ 30. Kg2 Ng7 31. Qg3 Qxg3+ 32. Kxg3 gxf5 33. e7 Re8 34. exf5 Rxe7 35. f6 Nh5+ 36. Kh4 Re5 37. a4 Kf7 38. b4 Nxf6 39. a5 Ke6 40. a6 Nd7 41. a7 Nb6 42. Rf8 Re3 43. Re8+ 1-0

[Event "*** Titled Tuesday Blitz"]
[Site "Chess.com"]
[Date "2020.03.03"]
[Round "5"]
[White "ckgchess"]
[Black "Micki-taryan"]
[Result "0-1"]
[WhiteElo "2697"]
[BlackElo "2994"]
[TimeControl "180+1"]
[EndTime "13:51:20 PST"]
[Termination "Micki-taryan won by resignation"]

1. e4 e5 2. Nf3 Nc6 3. Nc3 Nf6 4. a3 d6 5. d4 Be7 6. dxe5 Nxe5 7. Nxe5 dxe5 8. Qxd8+ Bxd8 9. Bc4 O-O 10. f3 c6 11.
a4 a5 12. Be3 Be7 13. O-O-O Nd7 14. Rd2 Bc5 15. Bxc5 Nxc5 16. Rhd1 Re8 17. b3 Kf8 18. Ne2 Ke7 19. Kb1 Bd7 20. Nc1 Red8 21. Nd3 Nxd3 22.
Rxd3 f6 23. Kb2 g5 24. R3d2 h5 25. Be2 h4 26. h3 f5 27. exf5 Bxf5 28. Rxd8 Rxd8 29.
Rxd8 Kxd8 30. Kc3 Ke7 31. Bd3 Kf6 32. Kd2 Bd7 33. Kc3 Ke6 34. Bh7 Kd6 35. Kd3 b5 36. Bg8 Bf5+ 37. Kc3 Kc5 38. axb5 cxb5 39. Bf7 e4 40.
fxe4 Bxe4 41. Be6 Bxg2 42. Kd3 Bd5 43. Bc8 Kd6 44. c4 bxc4+ 45. bxc4 Be6 46. c5+ Ke7 47. Bb7 Bxh3 48. Kd4 Kd7 49. Ke5 Kc7 50. Bd5 g4 51. Kf4 g3 52. Kg5 g2 53. Bxg2 Bxg2 54. Kxh4 a4 0-1

[Event "*** Titled Tuesday Blitz"]
[Site "Chess.com"]
[Date "2020.03.03"]
[Round "5"]
[White "MarcoRiehle"]
[Black "LogoCzar"]
[Result "1-0"]
[WhiteElo "2754"]
[BlackElo "2494"]
[TimeControl "180+1"]
[EndTime "13:51:20 PST"]
[Termination "MarcoRiehle won by resignation"]

1. e4 e5 2. Nf3 Nc6 3. Bc4 Nf6 4. Ng5 d5 5. exd5 Na5 6. Bb5+ c6 7. dxc6 bxc6 8. Be2 h6 9. Nh3 Bd6 10. d3 O-O 11. O-O Nd5 12. Kh1 f5 13. Ng1 e4 14.
Nc3 Nxc3 15. bxc3 Qf6 16. Be3 c5 17. dxe4 Bb7 18. Rb1 Rad8 19. Rxb7 Nxb7 20. Qd5+ Kh8 21. Qxb7 fxe4 22. Qxe4 Rde8 23. Qg4 Qxc3 24. Nf3 Qxc2 25. Qc4 Qf5 26. Bd3 Qh5 27. Qh4 Qd5 28. Bc4 Qc6 29. Bxh6 Be7 30. Bg5+ Qh6 31. Bxe7 Rxe7 32. Qxe7 Rxf3 33.
Qe8+ Kh7 34. Qe4+ 1-0

[Event "*** Titled Tuesday Blitz"]
[Site "Chess.com"]
[Date "2020.03.03"]
[Round "5"]
[White "cherryandmint"]
[Black "valeriocarnicelli"]
[Result "1-0"]
[WhiteElo "2850"]
[BlackElo "2521"]
[TimeControl "180+1"]
[EndTime "13:51:22 PST"]
[Termination "cherryandmint won by checkmate"]

1. e4 e5 2. Nf3 Nc6 3. Bb5 a6 4. Ba4 Nf6 5. O-O Nxe4 6. d4 b5 7. Bb3 d5 8. dxe5 Be6 9. Nbd2 Nc5 10. c3 Bg4 11. h3 Bh5 12. Re1 Ne6 13. Nf1 d4 14.
Ng3 Bg6 15. cxd4 Ncxd4 16. Nxd4 Qxd4 17. Qf3 Rd8 18. Be3 Qd7 19. Rad1 Qc8 20. Qc6+ Rd7 21. Bxe6 fxe6 22. Qxe6+ Be7 23. Qc6 Kd8 24. e6 Rd6 25. Bf4 Rf8 26. Bxd6 cxd6 27. Rxd6+ Bxd6 28. Qxd6+ Ke8 29. f4 Rf6 30. Kh2 h5 31. h4 Rf8 32. f5 Bxf5 33.
Nxh5 Qb7 34. Rc1 Rh8 35. Rc8+ Qxc8 36. Nxg7# 1-0

[Event "*** Titled Tuesday Blitz"]
[Site "Chess.com"]
[Date "2020.03.03"]
[Round "5"]
[White "norwaytoadog"]
[Black "Sashadav97"]
[Result "0-1"]
[WhiteElo "2283"]
[BlackElo "2552"]
[TimeControl "180+1"]
[EndTime "13:51:23 PST"]
[Termination "Sashadav97 won on time"]

1. e4 c5 2. Nf3 Nc6 3. Bb5 g6 4. Bxc6 dxc6 5. d3 Bg7 6. h3 Nf6 7. Nc3 b6 8. Bf4 Nd7 9. Qd2 h6 10. O-O e5 11. Be3 Qe7 12. a3 f5 13. exf5 gxf5 14. Rfe1 Qd6 15. Bf4 O-O 16. Bg3 Ba6 17. b4 Rae8 18. bxc5 Qxc5 19. Ne2 Qd5 20. Rab1 c5 21. c4 Qf7 22. Nc3 Bb7 23. Nh2 f4 24.
Bh4 Qh5 25. g3 Bf6 26. Bxf6 Nxf6 27. h4 Qg6 28. Nf1 Qg4 29. Ne4 Qh3 30. Qe2 f3 31.
Nxf6+ Rxf6 0-1

[Event "*** Titled Tuesday Blitz"]
[Site "Chess.com"]
[Date "2020.03.03"]
[Round "5"]
[White "Vusatiuk_Vladimir"]
[Black "SerGo055"]
[Result "0-1"]
[WhiteElo "2372"]
[BlackElo "2530"]
[TimeControl "180+1"]
[EndTime "13:51:25 PST"]
[Termination "SerGo055 won by resignation"]

1. e4 d5 2. exd5 Qxd5 3. Nf3 e5 4. Nc3 Qa5 5. b4 Bxb4 6. Bb2 Nf6 7. a3 Bd6 8. Nb5 O-O 9. Be2 Nbd7 10. Nxd6 cxd6 11. O-O b6 12. d4 e4 13. Nd2 Qf5 14. c4 Bb7 15. d5 Rfe8 16. Nb3 Ne5 17. Nd4 Qg6 18.
Nb5 Rad8 19. Bxe5 Rxe5 20. Nxa7 Rg5 21. g3 h5 22. Qb3 h4 23. Rfe1 hxg3 24. hxg3 Re8 25.
Bf1 Ng4 26. Bh3 Ne5 27. Bg2 Nd3 28. Re3 Nxf2 29. Kxf2 Qf6+ 30. Ke2 Qxa1 31. Qxb6 Qa2+ 32. Kd1 Qxg2 33. Qxb7 Qg1+ 34. Kd2 Rxg3 35. Rxg3 Qxg3 36. Qd7 e3+ 37. Kc2 Qe5 38. Nc6 Qe4+ 39. Kb3 e2 40.
Nd8 Qe3+ 41. Ka4 Qe7 0-1

[Event "*** Titled Tuesday Blitz"]
[Site "Chess.com"]
[Date "2020.03.03"]
[Round "5"]
[White "Bigfish1995"]
[Black "Saitama_Hero"]
[Result "1-0"]
[WhiteElo "3083"]
[BlackElo "2310"]
[TimeControl "180+1"]
[EndTime "13:51:26 PST"]
[Termination "Bigfish1995 won by resignation"]

1. d4 Nf6 2. c4 g6 3. Bg5 Bg7 4. Nc3 d5 5. Bxf6 Bxf6 6. cxd5 c6 7. e4 O-O 8. Nf3 cxd5 9. Nxd5 Bg7 10. Ne3 Nc6 11. e5 Qb6 12. Bc4 Rd8 13. O-O Nxd4 14. Nd5 Rxd5 15. Bxd5 Nxf3+ 16. Qxf3 e6 17. Bb3 Bd7 18.
Rad1 Bc6 19. Qf4 a5 20. Rd2 a4 21. Bc4 Qc5 22. Re1 b5 23. Bf1 b4 24. Qd4 Qa5 25.
Bc4 Bh6 26. Rdd1 Bf8 27. h4 Bc5 28. Qf4 h5 29. Qf6 Qa7 30. Bxe6 Rf8 31. Qxg6+ 1-0

[Event "*** Titled Tuesday Blitz"]
[Site "Chess.com"]
[Date "2020.03.03"]
[Round "5"]
[White "WeAintSurePal"]
[Black "boasovietica"]
[Result "1-0"]
[WhiteElo "2319"]
[BlackElo "2468"]
[TimeControl "180+1"]
[EndTime "13:51:26 PST"]
[Termination "WeAintSurePal won by checkmate"]

1. d4 Nf6 2. Bf4 g6 3. e3 Bg7 4. h3 O-O 5. c3 b6 6. Nd2 Bb7 7. Ngf3 d6 8. Be2 Nbd7 9. Bh2 Re8 10. O-O Ne4 11. a4 a6 12. Qb3 Nxd2 13. Nxd2 e5 14.
Rfd1 exd4 15. cxd4 Bxd4 16. Bc4 Qg5 17. Bg3 Rxe3 18.
fxe3 Qxg3 19. Bd5 Nc5 20. Qc4 Bxe3+ 21. Kh1 b5 22. axb5 axb5 23. Rxa8+ Bxa8 24. Qa2 Bxd5 25. Qxd5 Bxd2 26. Rxd2 Qe1+ 27. Kh2 Ne4 28. Rd3 Nf2 29. Rf3 Qh1+ 30. Kg3 Ne4+ 31. Qxe4 Qc1 32. Qe8+ Kg7 33. Qxf7+ Kh6 34. Qf8+ Kh5 35. Qe7 Qxb2 36. Qh4# 1-0

[Event "*** Titled Tuesday Blitz"]
[Site "Chess.com"]
[Date "2020.03.03"]
[Round "5"]
[White "kingofthenil"]
[Black "iturrizaga"]
[Result "0-1"]
[WhiteElo "2572"]
[BlackElo "2932"]
[TimeControl "180+1"]
[EndTime "13:51:27 PST"]
[Termination "iturrizaga won on time"]

1. e4 c5 2. d3 g6 3. g3 Bg7 4. Bg2 Nc6 5. f4 d6 6. Nf3 e5 7.
O-O Nge7 8. Nc3 O-O 9. f5 gxf5 10. Nh4 fxe4 11. dxe4 Nd4 12. Qh5 Qe8 13. Nf5 Nexf5 14. exf5 f6 15. Qh3 Nxc2 16. Rb1 Bd7 17. Bd5+ Kh8 18.
Ne4 Qe7 19. g4 Bc6 20. Bxc6 bxc6 21. g5 fxg5 22. Bxg5 Qd7 23. Qg2 d5 24. f6 dxe4 25. fxg7+ Qxg7 26. Kh1 Nd4 27. Rxf8+ Rxf8 28. Rg1 Nf3 29.
Bf6 Qxf6 30. Qg8+ Rxg8 0-1

[Event "*** Titled Tuesday Blitz"]
[Site "Chess.com"]
[Date "2020.03.03"]
[Round "5"]
[White "Enriquack"]
[Black "NeverEverForever1990"]
[Result "0-1"]
[WhiteElo "2166"]
[BlackElo "2361"]
[TimeControl "180+1"]
[EndTime "13:51:29 PST"]
[Termination "NeverEverForever1990 won on time"]

1. e4 g6 2. d4 Bg7 3. Nc3 d6 4. Be3 a6 5. Qd2 b5 6. h4 h5 7. a4 b4 8. Nce2 a5 9. Nh3 Bb7 10. Ng3 Nf6 11. Ng5 Nbd7 12. Bc4 d5 13. Bd3 e5 14. O-O-O exd4 15. Bxd4 c5 16. e5 Ng4 17. e6 Bxd4 18. exf7+ Ke7 19. Rhe1+ Kd6 20. Qf4+ Be5 21. Rxe5 Ndxe5 22. Bxg6 Kc6 23. Bf5 Kb6 24. f3 Qf6 25. fxg4 Nxf7 26. Nxf7 Qxf7 27. g5 Rad8 28. Qf3 d4 29.
Qf1 c4 0-1

[Event "*** Titled Tuesday Blitz"]
[Site "Chess.com"]
[Date "2020.03.03"]
[Round "5"]
[White "Incognito_Knight"]
[Black "Fandorine"]
[Result "1-0"]
[WhiteElo "2675"]
[BlackElo "2873"]
[TimeControl "180+1"]
[EndTime "13:51:30 PST"]
[Termination "Incognito_Knight won by resignation"]

1. e4 e5 2. f4 d5 3. exd5 exf4 4.
Nf3 Nf6 5. Bb5+ c6 6. dxc6 Nxc6 7. d4 Bd6 8. O-O O-O 9. c3 Ne7 10. Bd3 Ng6 11. Nbd2 Bc7 12. Ne4 Nd5 13. Re1 h6 14. c4 Nb4 15. Bb1 b5 16. a3 Nc6 17. d5 Na5 18. d6 Nxc4 19. dxc7 Qxc7 20. b3 Nb6 21.
Bb2 Bb7 22. Qd4 f5 23. Qd6 Qf7 24. Nc5 Bd5 25. Ne6 Rfe8 26. Nxg7 Rxe1+ 27. Nxe1 Be4 28. Nh5 1-0

[Event "*** Titled Tuesday Blitz"]
[Site "Chess.com"]
[Date "2020.03.03"]
[Round "5"]
[White "ShahMatKanal"]
[Black "IgorBjelobrk"]
[Result "1-0"]
[WhiteElo "2509"]
[BlackElo "2696"]
[TimeControl "180+1"]
[EndTime "13:51:31 PST"]
[Termination "ShahMatKanal won by checkmate"]

1. d4 Nf6 2. c4 e6 3. a3 d5 4. cxd5 exd5 5. Nc3 Bd6 6. Bg5 Be6 7. e3 a6 8. Bd3 Nbd7 9. Nge2 O-O 10. Nf4 c6 11. Nxe6 fxe6 12. f4 Be7 13. O-O Ne8 14. Qh5 g6 15. Qh4 Bxg5 16. fxg5 Nd6 17. Rxf8+ Qxf8 18. Rf1 Qe7 19. e4 Rf8 20. Rxf8+ Nxf8 21. Qf4 Nf7 22. h4 e5 23. dxe5 Nxe5 24. Bc2 d4 25. Bb3+ Kg7 26. Ne2 c5 27. h5 c4 28. Bd1 d3 29.
Nd4 Nfd7 30. Nf5+ gxf5 31. exf5 Qc5+ 32. Kh1 b5 33. h6+ Kf7 34. Bh5+ Kf8 35. g6 Nf6 36.
Qg5 Qd6 37. gxh7 Ke7 38. h8=Q d2 39. Qe8# 1-0

[Event "*** Titled Tuesday Blitz"]
[Site "Chess.com"]
[Date "2020.03.03"]
[Round "5"]
[White "saraswathii"]
[Black "HouseOfDurin"]
[Result "1-0"]
[WhiteElo "2230"]
[BlackElo "2077"]
[TimeControl "180+1"]
[EndTime "13:51:32 PST"]
[Termination "saraswathii won on time"]

1. d4 Nf6 2. Bf4 c5 3. c3 cxd4 4. cxd4 g6 5. e3 Bg7 6. Nc3 d6 7. Nf3 Nh5 8. Bg5 h6 9. Bh4 g5 10. Nd2 Nf6 11. Bg3 Bf5 12. Qb3 Qd7 13. Bb5 Nc6 14.
d5 Nxd5 15. Qxd5 a6 16. Ba4 O-O 17. O-O b5 18. Bb3 Nb4 19. Qf3 Bd3 20. Rfe1 Bc2 21.
Rec1 Bxb3 22. Nxb3 Nd3 23. Rc2 Rac8 24. Nd4 Nxb2 25. Rxb2 Rxc3 26. Rd2 Rfc8 27. Rad1 Rc1 28. h3 e6 29. Nb3 Rxd1+ 30. Qxd1 d5 31. e4 1-0

[Event "*** Titled Tuesday Blitz"]
[Site "Chess.com"]
[Date "2020.03.03"]
[Round "5"]
[White "dusanacns"]
[Black "GMKrikor"]
[Result "1-0"]
[WhiteElo "2648"]
[BlackElo "2815"]
[TimeControl "180+1"]
[EndTime "13:51:34 PST"]
[Termination "dusanacns won by resignation"]

1. e4 c5 2. Nf3 g6 3. c3 d5 4.
e5 Nc6 5. d4 cxd4 6. cxd4 Bg4 7. Bb5 Qa5+ 8. Nc3 e6 9. h3 Bxf3 10. Qxf3 Bg7 11. O-O Ne7 12. Rd1 O-O 13. Bg5 a6 14.
Bxc6 Nxc6 15. h4 h5 16. g4 hxg4 17. Qxg4 Qb4 18. a3 Qc4 19. Qf4 b5 20. Rac1 Qb3 21. h5 b4 22. axb4 Qxb4 23. Bf6 Bxf6 24. exf6 Rfe8 25.
hxg6 fxg6 26. f7+ Kg7 27. fxe8=Q Rxe8 28. Nxd5 1-0

[Event "*** Titled Tuesday Blitz"]
[Site "Chess.com"]
[Date "2020.03.03"]
[Round "5"]
[White "pouya21"]
[Black "MartinMatthiesen"]
[Result "1-0"]
[WhiteElo "2798"]
[BlackElo "2597"]
[TimeControl "180+1"]
[EndTime "13:51:35 PST"]
[Termination "pouya21 won by resignation"]

1. e4 c5 2. Nf3 d6 3. d4 cxd4 4. Nxd4 Nf6 5. Nc3 a6 6. Be3 e5 7. Nf3 Qc7 8. a4 Be7 9. a5 Nbd7 10. Be2 O-O 11. O-O b5 12. axb6 Nxb6 13. Nd2 Bb7 14. Bxb6 Qxb6 15. Nc4 Qc7 16. Ne3 Nxe4 17. Ned5 Bxd5 18.
Nxd5 Qb7 19. Bf3 f5 20. Ra4 Bd8 21. Rb4 Qa7 22. Bxe4 fxe4 23. Qe2 Rb8 24. Qxe4 Rxb4 25. Qxb4 Qd7 26. Qc4 Qf7 27. Qe4 a5 28. b3 Kh8 29.
g3 Qa7 30. Kg2 Bb6 31. f4 Qa6 32. Nxb6 Qxb6 33. fxe5 Re8 34. exd6 1-0

[Event "*** Titled Tuesday Blitz"]
[Site "Chess.com"]
[Date "2020.03.03"]
[Round "5"]
[White "EugeneRougon"]
[Black "Poghosyan_Suren"]
[Result "1-0"]
[WhiteElo "2687"]
[BlackElo "2453"]
[TimeControl "180+1"]
[EndTime "13:51:36 PST"]
[Termination "EugeneRougon won by resignation"]

1. e4 e6 2. d4 d5 3. Nd2 Be7 4. Bd3 c5 5. dxc5 Nf6 6. Qe2 O-O 7. Ngf3 a5 8. O-O Na6 9. e5 Nd7 10. c3 Naxc5 11. Bc2 b5 12. Nd4 b4 13. Qe3 bxc3 14. bxc3 f5 15. exf6 Bxf6 16. Nxe6 Nxe6 17. Qxe6+ Kh8 18.
Qxd5 Ba6 19. Re1 Bxc3 20. Rb1 Nf6 21. Qf5 Rc8 22. Rd1 Be2 23. Ba3 Bxd1 24. Rxd1 Bxd2 25. Bxf8 Qxf8 26. Rxd2 Qb4 27. Qxc8+ 1-0

[Event "*** Titled Tuesday Blitz"]
[Site "Chess.com"]
[Date "2020.03.03"]
[Round "5"]
[White "cottage_cheese"]
[Black "Rodalquilar"]
[Result "0-1"]
[WhiteElo "2341"]
[BlackElo "2593"]
[TimeControl "180+1"]
[EndTime "13:51:36 PST"]
[Termination "Rodalquilar won on time"]

1. e4 Nf6 2. e5 Nd5 3. d4 d6 4. Nf3 dxe5 5. Nxe5 c6 6. Be2 Bf5 7. c3 Nd7 8. O-O Nxe5 9. dxe5 e6 10. Nd2 Be7 11.
Nf3 O-O 12. a3 Qc7 13. c4 Nb6 14. Bf4 Nd7 15. Qc1 Nc5 16. Qc3 Rad8 17. Rad1 Ne4 18. Qc1 a5 19. Rfe1 Bc5 20. Be3 Qb6 21. Bxc5 Qxc5 22. Qe3 Qxe3 23. fxe3 a4 24. Nd4 Bg6 25. Bd3 Rd7 26. Bc2 Rfd8 27. Bxa4 Nc5 28. Nxc6 bxc6 29.
Rxd7 Rxd7 30. Bxc6 Rd2 31. b4 Nd3 32. Ra1 Nxe5 33. b5 Kf8 34. a4 Ke7 35. Bb7 Rd7 36. a5 Rxb7 37. a6 Rd7 38. a7 Be4 39. c5 Rd2 0-1

[Event "*** Titled Tuesday Blitz"]
[Site "Chess.com"]
[Date "2020.03.03"]
[Round "5"]
[White "GianmarcoVaR"]
[Black "bascheyaro"]
[Result "0-1"]
[WhiteElo "2557"]
[BlackElo "2738"]
[TimeControl "180+1"]
[EndTime "13:51:37 PST"]
[Termination "bascheyaro won by checkmate"]

1. d4 d5 2. c4 c6 3. Nf3 Nf6 4.
e3 Bf5 5. Nc3 e6 6. Nh4 Be4 7.
f3 Bg6 8. Qb3 Qb6 9. Nxg6 hxg6 10. g3 Nbd7 11. Bd2 Be7 12. Rc1 g5 13. Bd3 Qc7 14. cxd5 exd5 15. Nxd5 Nxd5 16. Qxd5 Rxh2 17. Rg1 Rh1 18. Qxd7+ Kxd7 19. Rxh1 Qxg3+ 20. Kd1 Qxf3+ 21. Kc2 Qd5 22. Rhf1 g6 23. b3 f5 24. e4 fxe4 25.
Bc4 Qd6 26. Rf7 Rf8 27. Rxf8 Bxf8 28. Bxg5 Qg3 29. Bd2 Qg2 30. Re1 Bh6 31. Re2 Qh1 32. Re1 Qh4 33. Bb4 e3 34. d5 cxd5 35. Bb5+ Ke6 36.
Bd2 a6 37. Bd3 Kd7 38. Bc3 Bg7 39. Ba5 b6 40. Rf1 bxa5 41. Rf7+ Ke6 42. Rf2 Qxf2+ 43.
Be2 Qxe2+ 44. Kb1 Qb2# 0-1